 Dungeon Crawl Stone Soup version 0.28.0 (webtiles) character file.

Game seed: 2799398404914136486

25 theswoord the Twirler (level 2, -1/22 HPs)
             Began as a Demonspawn Gladiator on Feb 16, 2022.
             Slain by a black bear (4 damage)
             ... on level 2 of the Dungeon.
             The game lasted 00:01:18 (985 turns).

theswoord the Twirler (Demonspawn Gladiator)         Turns: 985, Time: 00:01:19

Health: -1/22      AC:  6    Str: 14    XL:     2   Next: 82%
Magic:  2/2        EV: 12    Int:  9    God:
Gold:   47         SH:  0    Dex: 14    Spells: 1/1 levels left

rFire   . . .      SeeInvis .   a - +0 quarterstaff
rCold   . . .      Faith    .   (shield currently unavailable)
rNeg    . . .      Spirit   .   b - +0 leather armour
rPois   .          Reflect  .   c - +0 helmet
rElec   .          Harm     .   (no cloak)
rCorr   .          Rampage  .   h - +1 pair of gloves
Will    .....                   (no boots)
Stlth   +.........              (no amulet)
HPRegen 0.07/turn               (no ring)
MPRegen 0.08/turn               (no ring)

@: no status effects
A: hooves 1
a: no special abilities


You were on level 2 of the Dungeon.
You visited 1 branch of the dungeon, and saw 2 of its levels.

You collected 47 gold pieces.

Inventory:

Hand Weapons
 a - a +0 quarterstaff (weapon)
Missiles
 d - 3 throwing nets (quivered)
Armour
 b - a +0 leather armour (worn)
 c - a +0 helmet (worn)
 h - a +1 pair of gloves (worn)
 j - a +0 pair of boots
Scrolls
 e - a scroll of summoning {unknown}
 f - a scroll of magic mapping {unknown}
 i - a scroll of amnesia {unknown}
 k - a scroll of identify {unknown}
Potions
 g - a potion of lignification {unknown}


   Skills:
 - Level 2.0 Fighting
 + Level 3.7 Staves
 - Level 1.7 Throwing
 - Level 2.6 Dodging


You had one spell level left.
You didn't know any spells.
Your spell library was empty.

Dungeon Overview and Level Annotations

Branches:
Dungeon (2/15)

Altars:


Innate Abilities, Weirdness & Mutations

You have large cloven feet.


Message History

No target in view!
No target in view!
k - a scroll labelled ZAJAPI TOULLA No target in view!
Found a falchion.
No target in view!
No target in view!
No target in view!
No target in view!
A dart slug and a black bear come into view.
Found a stone staircase leading down.
The black bear growls angrily.
A kobold comes into view. It is wielding a +0 club.
The kobold shouts!
You hear an angry hiss.
The kobold moves out of view.
The black bear bites you but does no damage.
The black bear claws you but does no damage.
The black bear claws you.
You sock the black bear!
The black bear is moderately wounded.
A ball python comes into view.
The black bear bites you. The black bear claws you.
The black bear claws you but does no damage.
The ball python hisses angrily.
You sock the black bear!
The black bear is severely wounded.
The black bear bites you.
* * * LOW HITPOINT WARNING * * *
The black bear claws you but does no damage.
The black bear barely misses you.
You hit the black bear but do no damage.
The black bear is severely wounded.
The black bear bites you!
* * * LOW HITPOINT WARNING * * *
The black bear claws you but does no damage. x2
The kobold closely misses you. The dart slug launches a dart at you.
The slug dart misses you.
The slug dart hits the black bear.
The black bear bites you.
You die...

.... ... .. #.. ..> ##
.w##... #.. ##..).... .#...
.....#... .
...[...####...#...# #.#.
#......Kh@w.....# #.#.##
#......S##......#
......##............##.#
#.............####...#
..........#..........#
..........#..######..#
.....................# .
........#...########.####...
........##..................


You could see a black bear, a dart slug, a ball python and a kobold.

Vanquished Creatures
  A dart slug (D:1)
  2 ball pythons (D:1)
  2 bats (D:1)
  4 endoplasms (D:1)
  A giant cockroach (D:1)
  2 goblins (D:1)
  4 hobgoblins
  3 frilled lizards (D:1)
  A kobold (D:1)
20 creatures vanquished.

Notes
Turn   | Place    | Note
-------+----------+-------------------------------------------
     0 | D:1      | theswoord the Demonspawn Gladiator began the quest for the
                  | Orb.
     0 | D:1      | Reached XP level 1. HP: 16/16 MP: 1/1
   165 | D:1      | Reached skill level 3 in Staves
   345 | D:1      | Gained mutation: You have large cloven feet. [demonic
                  | ancestry]
   345 | D:1      | Reached XP level 2. HP: 22/22 MP: 2/2
   978 | D:2      | Noticed a black bear
   985 | D:2      | Slain by a black bear

Skill      XL: |  1 |
---------------+----+-----
Staves         | 3 |  3.7
Fighting       | |  2.0
Throwing       | |  1.7
Dodging        | |  2.6

Action                   || total
-------------------------++-------
Melee: Quarterstaff      ||    54
       Kick              ||     6
Armor: Leather armour    ||    36
Dodge: Dodged            ||    44

Levels and vault maps discovered:
D:1:      evilmike_arrival_rings, layout_basic, ebering_dispersal_statue_hall
D:2:      layout_rooms, hangedman_abyss_or_decor_lesser_grid,
          minmay_misc_feat_more_columns, st_stairs_4, uniq_sigmund
